 Dungeon Crawl Stone Soup version 0.31-a0-175-g9f7f995f2b (webtiles) character file.

Game seed: 9567950439765166113

291 qw the Shooter (level 6, -1/55 (56) HPs)
             Began as a Naga Hunter on June 17, 2023.
             Slain by a wight
             ... wielding a +0 hand axe
              (2 damage)
             ... on level 4 of the Dungeon.
             The game lasted 00:00:55 (2203 turns).

qw the Shooter (Naga Hunter)                        Turns: 2203, Time: 00:00:55

HP:   -1/55 (56)    AC:  5    Str: 13    XL:     6   Next: 32%
MP:   6/6           EV: 11    Int:  9    God:
Gold: 142           SH:  0    Dex: 23    Spells: 5/5 levels left

rFire   . . .        Y - +0 shortbow
rCold   . . .        (shield currently unavailable)
rNeg    . . .        b - +1 animal skin
rPois   +            d - +0 helmet
rElec   .            (no cloak)
rCorr   .            (no gloves)
SInv    +            (no barding)
Will    .....        (no amulet)
Stlth   ++           k - +6 ring of dexterity
HPRegen 0.29/turn    (no ring)
MPRegen 0.10/turn

%: no passive effects
@: lightly drained, very slow
A: AC +2, large, see invisible, deformed body, poison resistance, slowness 2,
spit poison 1, naga tail 1
a: Spit Poison


You were on level 4 of the Dungeon.
You visited 2 branches of the dungeon, and saw 5 of its levels.

You collected 142 gold pieces.


Innate Abilities, Weirdness & Mutations

Your serpentine skin is tough. (AC +2)
You have supernaturally acute eyesight. (SInv)
Armour fits poorly on your strangely shaped body.
Your system is resistant to poisons. (rPois)
You cover ground very slowly.
You can spit poison.
You have a snake-like lower body.


   Skills:
 + Level 3.0 Fighting
 - Level 6.0 Ranged Weapons
 - Level 2.5 Dodging
 - Level 1.5 Stealth


You had 5 spell levels left.
You didn't know any spells.
Your spell library was empty.

Inventory:

Hand Weapons
 Y - a +0 shortbow (weapon)
Armour
 b - a +1 animal skin (worn)
 d - a +0 helmet (worn)
Jewellery
 k - a +6 ring of dexterity (left hand)
Scrolls
 c - a scroll of teleportation {unknown}
 i - a scroll of identify
Potions
 a - a potion of brilliance {unknown}
 e - a potion of heal wounds {unknown}
 f - 2 potions of enlightenment
 g - 3 potions of curing
 h - a potion of attraction {unknown}
 j - a potion of ambrosia {unknown}

Dungeon Overview and Level Annotations

Branches:
Dungeon (4/15)             Temple (1/1) D:4

Altars:
Ashenzari
Dithmenos
Elyvilon
Gozag
Hepliaklqana
Kikubaaqudgha
Makhleb
Nemelex Xobeh
Qazlal
Ru
Sif Muna
Trog
Vehumet
Wu Jian
Xom
Yredelemnul
Zin
The Shining One


Message History

You feel drained.
You shoot an arrow.
The arrow hits the wight but does no damage.
The wight is heavily damaged.
The wight hits you with a +4 long sword!
You feel drained.
You shoot an arrow. The arrow hits the wight.
The wight is heavily damaged.
The wight closely misses you. The wight barely misses you.
You shoot an arrow. The arrow hits the wight.
The wight is almost destroyed.
You shoot an arrow.
The arrow hits the wight but does no damage.
The wight is almost destroyed.
The wight hits you with a +4 long sword!
You shoot an arrow. The arrow barely misses the wight.
The wight hits you with a +0 hand axe. The wight barely misses you.
You shoot an arrow. The arrow hits the wight.
You destroy the wight!
The wight barely misses you.
Your life force feels restored.
Your Ranged Weapons skill increases to level 6!
You shoot an arrow. The arrow hits the wight!
The wight is heavily damaged.
The wight barely misses you.
You shoot an arrow. The arrow hits the wight.
The wight is severely damaged.
The wight hits you with a +0 hand axe.
You shoot an arrow.
The arrow hits the wight but does no damage.
The wight is severely damaged.
The wight hits you with a +0 hand axe.
You shoot an arrow.
The arrow hits the wight but does no damage.
The wight is severely damaged.
The wight hits you with a +0 hand axe.
You feel drained.
You shoot an arrow. The arrow hits the wight.
The wight is almost destroyed.
The wight hits you with a +0 hand axe.
You die...

.................#####.#
#...###.###.#.#######.#
#.#.###.# #.#.........#
#.......# ....#########
###.##### ..#.# #
####.#### #.....
#.......# #.## ##
#.##.##.# #. #. #.##@#
.........)z>..... ##
.....##.######.
#.#.###.# #.#. #.# # ..
..# ###


You could see a wight.

Vanquished Creatures
  A phantom (D:4)
  A scorpion (D:4)
  A wight (D:4)
  Robin (D:2)
  2 adders
  An ufetubus (D:4)
  2 dart slugs
  An orc (D:4)
  8 bats
  3 endoplasms
  2 giant cockroaches
  14 goblins
  11 hobgoblins
  2 quokkas (D:1)
  5 ball pythons
  A frilled lizard (D:3)
  4 kobolds
  5 rats
65 creatures vanquished.

Notes
Turn   | Place    | Note
-------+----------+-------------------------------------------
     0 | D:1      | qw the Naga Hunter began the quest for the Orb.
     0 | D:1      | Reached XP level 1. HP: 19/19 MP: 1/1
     0 | D:1      | 0 ||| qw: Version: 0.3-a-2-g5ab2908
     0 | D:1      | 0 ||| qw: Game counter: 116
     0 | D:1      | 0 ||| qw: Always use a shield: true
     0 | D:1      | 0 ||| qw: God list: Okawaru
     0 | D:1      | 0 ||| qw: Allow faded altars: false
     0 | D:1      | 0 ||| qw: Do Orc after D:15 true
     0 | D:1      | 0 ||| qw: Do second Lair branch before Depths: true
     0 | D:1      | 0 ||| qw: Lair rune preference: random
     0 | D:1      | 0 ||| qw: Plans: Normal
     0 | D:1      | 0 ||| PLANNING D:1-11
     9 | D:1      | 9 ||| INVOKING Spit Poison.
    13 | D:1      | 13 ||| INVOKING Spit Poison.
    24 | D:1      | 24 ||| INVOKING Spit Poison.
    41 | D:1      | 41 ||| INVOKING Spit Poison.
    87 | D:1      | 87 ||| INVOKING Spit Poison.
   120 | D:1      | 120 ||| INVOKING Spit Poison.
   122 | D:1      | Reached skill level 4 in Ranged Weapons
   122 | D:1      | Reached XP level 2. HP: 26/26 MP: 2/2
   125 | D:1      | 125 ||| INVOKING Spit Poison.
   153 | D:1      | 153 ||| INVOKING Spit Poison.
   178 | D:1      | 178 ||| INVOKING Spit Poison.
   192 | D:1      | 192 ||| INVOKING Spit Poison.
   275 | D:1      | 275 ||| INVOKING Spit Poison.
   279 | D:1      | 279 ||| INVOKING Spit Poison.
   330 | D:1      | 330 ||| INVOKING Spit Poison.
   342 | D:1      | 342 ||| INVOKING Spit Poison.
   343 | D:1      | 343 ||| INVOKING Spit Poison.
   367 | D:1      | 367 ||| INVOKING Spit Poison.
   390 | D:1      | Found a faded altar of an unknown god.
   396 | D:1      | 396 ||| INVOKING Spit Poison.
   437 | D:1      | 437 ||| INVOKING Spit Poison.
   534 | D:1      | 534 ||| UPGRADING to +0 helmet.
   539 | D:1      | 539 ||| READING scroll labelled LOOCUO DUMNAIP.
   540 | D:1      | 540 ||| READING scroll labelled KUIXKU CEROXT.
   541 | D:1      | 541 ||| READING scroll labelled KOTHA OGENO.
   542 | D:1      | 542 ||| DROPPING scroll of butterflies.
   606 | D:2      | 606 ||| INVOKING Spit Poison.
   666 | D:2      | Reached XP level 3. HP: 30/32 MP: 3/3
   687 | D:2      | Noticed Robin
   689 | D:2      | 689 ||| INVOKING Spit Poison.
   694 | D:2      | 694 ||| INVOKING Spit Poison.
   695 | D:2      | Killed Robin
   697 | D:2      | 697 ||| INVOKING Spit Poison.
   723 | D:2      | 723 ||| INVOKING Spit Poison.
   747 | D:2      | 747 ||| INVOKING Spit Poison.
   808 | D:2      | 808 ||| INVOKING Spit Poison.
   882 | D:2      | 882 ||| INVOKING Spit Poison.
   884 | D:2      | Reached skill level 5 in Ranged Weapons
   884 | D:2      | Reached XP level 4. HP: 39/39 MP: 4/4
   887 | D:2      | 887 ||| INVOKING Spit Poison.
   910 | D:2      | 910 ||| INVOKING Spit Poison.
   948 | D:2      | 948 ||| INVOKING Spit Poison.
  1175 | D:2      | 1175 ||| UPGRADING to +1 animal skin.
  1185 | D:2      | 1185 ||| DROPPING +0 leather armour.
  1186 | D:2      | 1186 ||| READING 2 scrolls labelled QOIN ABLINEI.
  1187 | D:2      | 1187 ||| READING scroll labelled RONOFR PESO.
  1188 | D:2      | 1188 ||| DRINKING 2 sapphire potions.
  1189 | D:2      | 1189 ||| DRINKING 4 murky amethyst potions.
  1190 | D:2      | 1190 ||| DROPPING scroll of blinking.
  1216 | D:3      | 1216 ||| INVOKING Spit Poison.
  1231 | D:3      | 1231 ||| INVOKING Spit Poison.
  1236 | D:3      | 1236 ||| INVOKING Spit Poison.
  1273 | D:3      | 1273 ||| INVOKING Spit Poison.
  1384 | D:3      | 1384 ||| INVOKING Spit Poison.
  1438 | D:3      | 1438 ||| INVOKING Spit Poison.
  1500 | D:3      | 1500 ||| INVOKING Spit Poison.
  1538 | D:3      | 1538 ||| INVOKING Spit Poison.
  1620 | D:3      | 1620 ||| DROPPING ring of magical power.
  1621 | D:3      | 1621 ||| UPGRADING to +6 ring of dexterity.
  1633 | D:4      | 1633 ||| INVOKING Spit Poison.
  1637 | D:4      | 1637 ||| INVOKING Spit Poison.
  1659 | D:4      | Found a staircase to the Ecumenical Temple.
  1660 | D:4      | 1660 ||| PLANNING TEMPLE
  1662 | D:4      | 1662 ||| INVOKING Spit Poison.
  1663 | D:4      | 1663 ||| INVOKING Spit Poison.
  1668 | D:4      | 1668 ||| INVOKING Spit Poison.
  1702 | Temple   | Entered the Ecumenical Temple
  1903 | Temple   | 1903 ||| PLANNING D:1-11
  1977 | D:4      | 1977 ||| INVOKING Spit Poison.
  2061 | D:4      | 2061 ||| INVOKING Spit Poison.
  2062 | D:4      | Reached skill level 3 in Fighting
  2092 | D:4      | 2092 ||| INVOKING Spit Poison.
  2108 | D:4      | Noticed a scorpion
  2110 | D:4      | 2110 ||| INVOKING Spit Poison.
  2113 | D:4      | Killed a scorpion
  2114 | D:4      | Reached XP level 5. HP: 49/49 MP: 5/5
  2127 | D:4      | Noticed a phantom
  2143 | D:4      | Killed a phantom
  2144 | D:4      | Reached XP level 6. HP: 45/56 MP: 6/6
  2196 | D:4      | HP: 13/52 [wight/+4 long sword (11)]
  2199 | D:4      | Reached skill level 6 in Ranged Weapons
  2201 | D:4      | HP: 7/56 [wight/+0 hand axe (2)]
  2202 | D:4      | HP: 2/56 [wight/+0 hand axe (6)]
  2203 | D:4      | Slain by a wight

Levels and vault maps discovered:
D:1:      lemuel_arrival_broad_hall, layout_basic,
          dreamdust_ecumenical_altar_hidden_monk_grotto, dk_noncrumbling_3,
          due_unseen_surprise
D:2:      layout_basic, nicolae_titane, uniq_robin, uniq_crazy_yiuf_cottage
D:3:      layout_rooms
D:4:      layout_loops_corners, chei_slow_surprise,
          minmay_temple_entry_sparse_star, uniq_natasha
Temple:   eino_narrow_crystal_temple

Skill      XL: |  1  2  3  4  5  6 |
---------------+-------------------+-----
Ranged Weapons | 4 5 6 |  6.0
Fighting       | 3 |  3.0
Dodging        | 2 |  2.5
Stealth        | |  1.5

Action                     |  1- 3 |  4- 6 || total
---------------------------+-------+-------++-------
   Fire: Shortbow          |    55 |    81 ||   136
Ability: Spit Poison       |    25 |    19 ||    44
    Use: Scroll            |     3 |     2 ||     5
         Potion            |       |     2 ||     2
 Armour: Leather armour    |     1 |       ||     1
         Animal skin       |       |     7 ||     7
  Dodge: Dodged            |     6 |    22 ||    28

Table legend:
 A = Non-vault XP
 B = Vault XP
 C = Vault XP percentage of total XP
 D = Non-vault monster count
 E = Vault monster count
 F = Vault count percentage of total count
                 A         B        C        D         E       F
            +---------+---------+-------+---------+---------+-------
      Total |     381 |      36 |   8.6 |      54 |      11 |  16.9
            +---------+---------+-------+---------+---------+-------
        D:1 |      29 |       0 |   0.0 |      18 |       0 |   0.0
        D:2 |      33 |      36 |  52.2 |      12 |      11 |  47.8
        D:3 |      32 |       0 |   0.0 |      13 |       0 |   0.0
        D:4 |     287 |       0 |   0.0 |      11 |       0 |   0.0
            +---------+---------+-------+---------+---------+-------
